 Dungeon Crawl Stone Soup version 0.29.1-1-gd02db6906a (webtiles) character file.

Game seed: 6885885535202293385

3040 xian the Skirmisher (level 9, -1/44 HPs)
             Began as a Spriggan Enchanter on Oct 3, 2022.
             Was an Elder of Okawaru.
             Slain by a cyclops (27 damage)
             ... on level 7 of the Dungeon.
             The game lasted 00:18:39 (8506 turns).

xian the Skirmisher (Spriggan Enchanter)            Turns: 8506, Time: 00:18:40

Health: -1/44      AC:  4    Str:  8    XL:     9   Next: 56%
Magic:  3/16       EV: 23    Int: 23    God:    Okawaru [****..]
Gold:   979        SH:  0    Dex: 15    Spells: 14/16 levels left

rFire   + . .      SeeInvis +   n - +3 arbalest (vorpal)
rCold   . . .      Faith    .   (shield currently unavailable)
rNeg    + . .      Spirit   .   l - +2 robe
rPois   .          Reflect  .   (helmet restricted)
rElec   +          Harm     .   (no cloak)
rCorr   .          Rampage  .   (gloves unavailable)
Will    +....                   (boots unavailable)
Stlth   ++++......              (no amulet)
HPRegen 0.14/turn               u - +4 ring of evasion
MPRegen 0.15/turn               B - ring of the Ageless Planets {rElec rF+ rN+ Int+6}

@: very quick
A: very small, no large weapons, unfitting armour, see invisible, speed 3
a: Renounce Religion, Heroism, Finesse


You were on level 7 of the Dungeon.
You worshipped Okawaru.
Okawaru was greatly pleased with you.
You visited 1 branch of the dungeon, and saw 7 of its levels.

You collected 1371 gold pieces.
You spent 392 gold pieces at shops.

Inventory:

Hand Weapons
 n - a +3 vorpal arbalest (weapon)
 q - a +2 dagger of venom
Missiles
 w - 2 boomerangs of dispersal
Armour
 k - an orb of guile
 l - a +2 robe (worn)
Jewellery
 u - a +4 ring of evasion (left hand)
 A - a ring of flight
 B - the ring of the Ageless Planets (right hand) {rElec rF+ rN+ Int+6}
   (You found it on level 6 of the Dungeon)

   [ring of protection from fire]

   Int:       It affects your intelligence (+6).
   rF:        It protects you from fire.
   rElec:     It insulates you from electricity.
   rN:        It protects you from negative energy.
Wands
 p - a wand of polymorph (8)
 r - a wand of digging (8)
Scrolls
 a - a scroll of magic mapping {unknown}
 j - 6 scrolls of teleportation
 s - 3 scrolls of immolation
 x - a scroll of noise {unknown}
 y - a scroll of amnesia {unknown}
 z - a scroll of fear
Potions
 b - a potion of haste {unknown}
 c - 4 potions of invisibility
 d - 3 potions of heal wounds
 e - 4 potions of curing
 f - 4 potions of degeneration {unknown}
 g - 2 potions of resistance {unknown}
 h - a potion of ambrosia
 i - 2 potions of magic
 o - a potion of mutation {unknown}
 v - 3 potions of flight {unknown}


   Skills:
 + Level 3.4 Fighting
 + Level 3.2 Short Blades
 + Level 9.7 Ranged Weapons
 + Level 5.4 Dodging
 + Level 8.4 Stealth
 + Level 4.1 Spellcasting
 + Level 5.1 Hexes
 + Level 1.5 Ice Magic


You had 14 spell levels left.
You knew the following spells:

 Your Spells              Type           Power      Damage    Failure   Level
a - Ensorcelled Hibernat  Hex/Ice        40%        N/A       4%          2

Your spell library contained the following spells:

 Spells                   Type           Power      Damage    Failure   Level
 Confusing Touch          Hex            28%        N/A       3%          3
 Apportation              Tloc           8%         N/A       11%         1
 Necrotise                Necr           16%        1d4       11%         1
 Dazzling Flash           Conj/Hex       32%        N/A       11%         3
 Ozocubu's Armour         Ice            12%        N/A       16%         3
 Ignite Poison            Fire/Tmut/Pois 4%         N/A       30%         3
 Mephitic Cloud           Conj/Pois/Air  4%         N/A       30%         3
 Metabolic Englaciation   Hex/Ice        10%        N/A       58%         5
 Freezing Cloud           Conj/Ice/Air   3%         6-21      93%         5
 Tukima's Dance           Hex            Unusable   N/A       N/A         3
 Summon Small Mammal      Summ           Unusable   N/A       N/A         1
 Simulacrum               Ice/Necr       Unusable   N/A       N/A         6

Dungeon Overview and Level Annotations

Branches:
Dungeon (7/15)             Temple (0/1) D:4

Altars:
Elyvilon
Hepliaklqana
Kikubaaqudgha
Okawaru
Sif Muna
Xom
Zin
The Shining One

Shops:
D:2 [


Innate Abilities, Weirdness & Mutations

You are very small and have problems with some larger weapons.
You are too small for most types of armour.
You have supernaturally acute eyesight. (SInv)
You cover ground extremely quickly. (Speed+++)


Message History

Casting: Ensorcelled Hibernation (safe; 4% risk of failure)
Confirm with . or Enter, or press ? or * to list all spells.
Aiming: Ensorcelled Hibernation (safe; 4% risk of failure)
Press: ? - help, Shift-Dir - straight line, f/p - orc wizard
Aim: an orc wizard, wielding a +0 dagger and wearing a +0 robe (slightly transparent, chance to affect: 52%)
The orc wizard resists with significant effort.
The orc wizard closely misses you.
You hit the orc wizard.
The orc wizard is poisoned.
The orc wizard is moderately wounded.
The orc wizard hits you but does no damage.
You hit the orc wizard.
The orc wizard looks even sicker.
The orc wizard is moderately wounded.
You closely miss the orc wizard.
The orc wizard is heavily wounded.
The orc wizard barely misses you.
You hit the orc wizard.
The orc wizard looks as sick as possible!
The orc wizard is heavily wounded.
The orc wizard completely misses you.
You closely miss the orc wizard. Your punch misses the orc wizard.
The orc wizard is severely wounded.
The orc wizard closely misses you.
You hit the orc wizard but do no damage.
The orc wizard is severely wounded.
You kill the orc wizard!
Okawaru accepts your kill.
Items here: )) [[[ †.
Okay, then.
Your +2 dagger of venom stops dripping with poison.
n - a +3 vorpal arbalest (weapon)
A cyclops is nearby!
You shoot a bolt. The bolt hits the cyclops.
The cyclops is lightly wounded.
The cyclops throws a large rock.
The large rock barely misses you.
You shoot a bolt. The bolt completely misses the cyclops.
You shoot a bolt. The bolt completely misses the cyclops.
You shoot a bolt. The bolt completely misses the cyclops.
The cyclops hits you!!
Ouch! That really hurt!
You die...

........#####:
.#.#..#.#########
........# ###
#..##..#.<..#
........######..
#..##..####.#
.............#.#h#.#..#.#
#.#
........######...#......#
#.# ........#
##'#######'## #.#
.###.#### #....#..(..#
#.# .###.>..#
#.##C#.#.#.# #.#
.#...##.# #.##@#..#..#
#.# ......#.#
#....'.#.#.# #.#
.####.#.# ######.....#
#)# ....#.#.#####.#
####### #)#
....#.........# #.#
....#..######## #.#
_...^..# #.# )...#..#
###.#### ....#..#
#.......


You could see a cyclops.

Vanquished Creatures
  A two-headed ogre (D:6)
  2 wyverns (D:7)
  3 ice beasts
  A sky beast (D:7)
  3 centaurs (D:6)
  An ogre (D:5)
  A phantom (D:5)
  3 bullfrogs
  A necrophage (D:6)
  A gnoll sergeant (D:7)
  A scorpion (D:5)
  A howler monkey (D:4)
  An electric eel (D:6)
  A jelly (D:5)
  3 orc priests
  A gnoll bouda (D:7)
  7 hounds
  9 orc wizards
  2 iguanas
  7 gnolls
  7 adders
  A shadow imp (D:7)
  5 white imps
  An ufetubus (D:5)
  2 worms (D:2)
  2 dart slugs
  38 orcs
  9 ball pythons
  8 bats
  4 endoplasms
  6 giant cockroaches
  5 goblins
  5 hobgoblins
  9 jackals
  5 kobolds
  3 quokkas
  11 frilled lizards
  8 rats
179 creatures vanquished.

Vanquished Creatures (others)
  18 plants
18 creatures vanquished.

Grand Total: 197 creatures vanquished

Notes
Turn   | Place    | Note
-------+----------+-------------------------------------------
     0 | D:1      | xian the Spriggan Enchanter began the quest for the Orb.
     0 | D:1      | Reached XP level 1. HP: 9/9 MP: 5/5
   288 | D:1      | Identified a scroll of acquirement
   288 | D:1      | Acquired 943 gold pieces
   358 | D:1      | Reached XP level 2. HP: 13/13 MP: 6/6
   378 | D:1      | Learned a level 2 spell: Ensorcelled Hibernation
  1153 | D:2      | Found Emor's Antique Armour Emporium.
  1160 | D:2      | Bought a shiny orb for 300 gold pieces
  1160 | D:2      | Bought an embroidered robe for 92 gold pieces
  1214 | D:2      | Reached XP level 3. HP: 15/16 MP: 8/8
  1262 | D:2      | Reached skill level 5 in Stealth
  2193 | D:2      | Found a faded altar of an unknown god.
  2304 | D:3      | Reached XP level 4. HP: 21/21 MP: 9/9
  2593 | D:3      | Acquired a +2 vorpal arbalest
  2832 | D:3      | Found a hazy altar of Hepliaklqana.
  2953 | D:3      | HP: 1/21 [orc priest/+1 dagger of venom (3)]
  3891 | D:3      | Reached XP level 5. HP: 25/25 MP: 10/10
  3914 | D:3      | Reached skill level 1 in Ranged Weapons
  4036 | D:3      | Found an iron altar of Okawaru.
  4151 | D:3      | Became a worshipper of Warmaster Okawaru
  4270 | D:4      | Reached skill level 1 in Fighting
  4475 | D:4      | Found a staircase to the Ecumenical Temple.
  4879 | D:4      | Found an ancient bone altar of Kikubaaqudgha.
  4885 | D:4      | Reached skill level 2 in Ranged Weapons
  5132 | D:5      | Entered Level 5 of the Dungeon
  5143 | D:4      | Reached XP level 6. HP: 24/30 MP: 7/11
  5153 | D:4      | Reached skill level 3 in Ranged Weapons
  5170 | D:5      | Reached * piety under Okawaru
  5449 | D:5      | Reached skill level 4 in Ranged Weapons
  5449 | D:5      | Reached XP level 7. HP: 33/33 MP: 12/12
  5703 | D:5      | Found a white marble altar of Elyvilon.
  5949 | D:5      | Reached skill level 1 in Ice Magic
  5955 | D:5      | Reached skill level 5 in Ranged Weapons
  6110 | D:5      | Found a shimmering blue altar of Sif Muna.
  6262 | D:6      | Reached XP level 8. HP: 31/39 MP: 14/14
  7095 | D:6      | Reached skill level 6 in Ranged Weapons
  7115 | D:6      | Reached ** piety under Okawaru
  7163 | D:6      | Found a shimmering altar of Xom.
  7427 | D:6      | Noticed a two-headed ogre
  7438 | D:6      | Killed a two-headed ogre
  7438 | D:6      | Reached *** piety under Okawaru
  7439 | D:6      | Reached skill level 8 in Ranged Weapons
  7439 | D:6      | Reached skill level 5 in Dodging
  7439 | D:6      | Reached skill level 5 in Hexes
  7439 | D:6      | Reached XP level 9. HP: 43/43 MP: 14/16
  7582 | D:6      | Identified the ring of the Ageless Planets {rElec rF+ rN+
                  | Int+6}
  8054 | D:7      | Reached **** piety under Okawaru
  8085 | D:7      | Found a glowing golden altar of the Shining One.
  8215 | D:7      | Reached skill level 9 in Ranged Weapons
  8321 | D:7      | Found a glowing silver altar of Zin.
  8378 | D:7      | Noticed a cyclops
  8506 | D:7      | Slain by a cyclops

Illustrated notes

Levels and vault maps discovered:
D:1:      roderic_crop_circles_arrival_small, layout_rooms, serial_forest,
          infiniplex_forest_lined_corner, infiniplex_forest_straight_2,
          infiniplex_forest_corner_2, infiniplex_forest_end_3,
          infiniplex_forest_clump_C, dreamdust_wishing_well
D:2:      layout_loops_ring, serial_shops, nicolae_square_shop,
          shapermc_ecumenical_altar_petra
D:3:      layout_loops_ring, marbit_many_paths,
          nicolae_hepliaklqana_hippocampus, kennysheep_generic_room_3
D:4:      layout_loops_ring, kennysheep_mini, minmay_temple_entry_tees
D:5:      layout_loops_ring, old_standard_altar, mainiacjoe_overflow_alcove_2,
          grunt_ministairs_8, minmay_lizard_king
D:6:      cheibrodos_helix_gallery, layout_loops_corners, amcnicky_altar_gilded
D:7:      minmay_clustersquares, layout_loops_ring, lemuel_tele_altar,
          lemuel_round_altar

Skill      XL: |  1  2  3  4  5  6  7  8  9 |
---------------+----------------------------+-----
Hexes          | 4 5 |  5.1
Dodging        | 3 4 5 |  5.4
Stealth        | 5 6 7 8 |  8.4
Short Blades   | 2 3 |  3.2
Ranged Weapons | 2 4 5 8 9 |  9.7
Fighting       | 1 2 3 |  3.4
Spellcasting   | 3 4 |  4.1
Ice Magic      | 1 |  1.5

Action                   |  1- 3 |  4- 6 |  7- 9 || total
-------------------------+-------+-------+-------++-------
Melee: Dagger            |   114 |    77 |    12 ||   203
       Punch             |       |     1 |       ||     1
 Fire: Arbalest          |       |    92 |   178 ||   270
 Cast: Ensorcelled Hiber |     6 |     5 |    12 ||    23
  Use: Scroll            |     4 |     5 |     1 ||    10
       Potion            |       |     4 |       ||     4
 Stab: Sleeping          |    12 |    12 |     5 ||    29
Armor: Robe              |    13 |    32 |     7 ||    52
Dodge: Dodged            |    82 |   151 |   120 ||   353
